 Dungeon Crawl Stone Soup version 0.28.0-53-g5a82cb258f (webtiles) character file.

Game seed: 1829230413816413929

21242 Gabide the Quickloader (level 12, -5/100 HPs)
             Began as a Demigod Venom Mage on June 26, 2022.
             Slain by a vampire (9 damage)
             ... on level 10 of the Dungeon.
             The game lasted 01:13:47 (19315 turns).

Gabide the Quickloader (Demigod Venom Mage)        Turns: 19315, Time: 01:13:48

Health: -5/100     AC:  9    Str:  9    XL:     12   Next: 22%
Magic:  26/26      EV: 15    Int: 33    God:
Gold:   782        SH:  0    Dex: 20    Spells: 13/25 levels left

rFire   + . .      SeeInvis .     - Unarmed
rCold   + . .      Faith    .   j - orb {*Rage}
rNeg    . . .      Spirit   .   d - +1 steam dragon scales
rPois   +          Reflect  .   r - +2 helmet
rElec   +          Harm     .   (no cloak)
rCorr   +          Rampage  .   (no gloves)
Will    +....      Rage     20% (no boots)
Stlth   ++........              g - amulet of regeneration
HPRegen 1.06/turn               C - ring of wizardry
MPRegen 0.20/turn               K - +6 ring of dexterity

@: resistant, on berserk cooldown, slowed, studying Crossbows, very slow
A: high MP 1, forlorn, divine attributes
a: no special abilities


You were on level 10 of the Dungeon.
You visited 2 branches of the dungeon, and saw 12 of its levels.

You collected 782 gold pieces.

Inventory:

Hand Weapons
 a - a +2 hand crossbow
Missiles
 E - a bolt
Armour
 d - +1 steam dragon scales (worn)
 h - a +1 robe of willpower
 j - an orb of wrath (worn)
 q - a +0 ring mail
 r - a +2 helmet (worn)
 u - a +1 leather armour
 J - a +0 hat of stealth
Magical Staves
 D - a staff of death
Jewellery
 g - an amulet of regeneration (around neck)
 t - an amulet of magic regeneration
 C - a ring of wizardry (left hand)
 K - a +6 ring of dexterity (right hand)
Wands
 b - a wand of polymorph (6)
 i - a wand of digging (7)
 w - a wand of iceblast (13)
 H - a wand of flame (16)
Scrolls
 k - 4 scrolls of magic mapping
 B - 2 scrolls of silence
 F - a scroll of amnesia
 L - a scroll of immolation {unknown}
Potions
 c - 3 potions of resistance
 e - 5 potions of cancellation
 l - 4 potions of attraction
 m - 4 potions of mutation
 s - a potion of might
Miscellaneous
 x - a lightning rod (3/4)


   Skills:
 - Level 7.0 Fighting
 - Level 10.5 Crossbows
 + Level 5.0 Dodging
 - Level 2.0 Stealth
 - Level 7.0 Unarmed Combat
 - Level 7.0 Spellcasting
 - Level 7.0 Transmutations
 - Level 10.5 Poison Magic


You had 13 spell levels left.
You knew the following spells:

 Your Spells              Type           Power      Damage    Failure   Level
a - Sting                 Tmut/Pois      100%       1d8       1%          1
b - Poisonous Vapours     Pois/Air       92%        N/A       1%          2
c - Olgreb's Toxic Radia  Pois           69%        N/A       1%          4
d - Mephitic Cloud        Conj/Pois/Air  34%        N/A       1%          3
e - Passwall              Tmut/Erth      28%        N/A       1%          2

Your spell library contained the following spells:

 Spells                   Type           Power      Damage    Failure   Level
 Animate Skeleton         Necr           22%        N/A       1%          1
 Pain                     Necr           44%        1d6       1%          1
 Corpse Rot               Necr/Air       22%        N/A       2%          2
 Ensorcelled Hibernation  Hex/Ice        22%        N/A       2%          2
 Swiftness                Air            11%        N/A       4%          3
 Vampiric Draining        Necr           11%        2d6       4%          3
 Dispel Undead            Necr           11%        3d9       16%         4
 Fulminant Prism          Conj/Hex       5%         3d7       16%         4
 Iskenderun's Mystic Bla  Conj/Tloc      11%        2d4       16%         4
 Lee's Rapid Deconstruct  Erth           5%         3d7*      38%         5
 Death Channel            Necr           5%         N/A       90%         6


Dungeon Overview and Level Annotations

Branches:
Dungeon (11/15)            Temple (0/1) D:6            Lair (1/6) D:10
    Orc (0/2) D:10

Shops:
D:7 !

Portals:
Abyss: Lair:1

Annotations:
D:9 exclusion: statue
Lair:1 exclusion: hydra


Innate Abilities, Weirdness & Mutations

You have an increased reservoir of magic. (+10% MP)
You shall have no god before yourself.
Your divine heritage dramatically boosts your attributes as you level up.


Message History

Something bites you but does no damage.
You feel better. Something barely misses you.
Something bites you but does no damage.
Okay, then.
Okay, then.
Throw: 2 throwing nets
Press: ? - help, Shift-Dir - straight line You throw a throwing net.
Something hits you.
* * * LOW HITPOINT WARNING * * *
Something bites you but does no damage. Something barely misses you.
Something bites you but does no damage.
Throw: throwing net
Press: ? - help, Shift-Dir - straight line You throw a throwing net.
Something hits you but does no damage. Something bites you!
* * * LOW HITPOINT WARNING * * *
Something draws strength from your injuries!
Unknown command.
Okay, then.
Okay, then.
Aiming: Iceblast
Press: ? - help, Shift-Dir - straight line The mass of ice explodes!
The iceblast engulfs something.
Something hits you but does no damage. Something bites you.
* * * LOW HITPOINT WARNING * * *
Something draws strength from your injuries!
Something hits you!
* * * LOW HITPOINT WARNING * * *
Something bites you.
* * * LOW HITPOINT WARNING * * *
Something draws strength from your injuries!
You feel better. Something hits you!
* * * LOW HITPOINT WARNING * * *
Something barely misses you.
As you read the scroll labelled ZAQEXUKUEL, it crumbles to dust.
You assume a fearsome visage.
Nothing appears to happen.
It was a scroll of fear.
Something hits you but does no damage. Something bites you!
You die...

#......#######..........
#......(....##..........
#...........##########..
#...........# #..
#####.......# ### ###
####........#
#.###...........#
#............########
#..........@.###....#
#...#.........##....#
###..#..>.#...........#
#.....#...#........####
#........#.........###########
#.......)...##.....'..........
#.#................###########
#.####.#####.#.....#
#............#.....#


There were no monsters in sight!

Vanquished Creatures
  Gastronok (D:9)
  Josephine (D:11)
  A centaur warrior (D:8)
  2 two-headed ogres
  7 death yaks (D:10)
  Nergalle (D:10)
  An ugly thing (D:8)
  Joseph (D:8)
  A black mamba (Lair:1)
  4 cane toads
  Maggie (Lair:1)
  2 komodo dragons (Lair:1)
  2 trolls
  A hornet (D:8)
  Prince Ribbit (D:6)
  Sigmund (D:2)
  10 yaks
  2 wyverns
  Eustachio (D:4)
  5 wraiths
  2 steam dragons
  Edmund (D:6)
  An acid dragon (D:8)
  6 water moccasins
  2 black bears (D:5)
  A hornet zombie (D:8)
  5 orc warriors
  An ice beast (D:8)
  3 sky beasts
  3 ogres (D:6)
  4 centaurs
  5 kobold brigands
  9 bullfrogs
  3 gnoll sergeants
  2 scorpions
  A wyvern zombie (D:8)
  A wyvern skeleton (D:7)
  A killer bee (D:7)
  11 wights
  5 howler monkeys
  4 centaur zombies
  2 jellies
  3 bullfrog skeletons (D:6)
  A gnoll shaman (D:10)
  8 orc priests
  A centaur skeleton (D:7)
  4 hounds
  3 iguanas
  Natasha (thrice) (D:2)
  7 orc wizards
  A killer bee zombie (D:8)
  Robin (D:3)
  15 gnolls
  An adder (D:6)
  A shadow imp (D:7)
  A white imp (D:7)
  2 ufetubi
  A worm (D:2)
  A dart slug (D:1)
  38 orcs
  7 bats
  9 endoplasms
  2 giant cockroaches
  13 goblins
  11 hobgoblins
  10 jackals
  31 kobolds
  4 quokkas
  9 ball pythons
  6 frilled lizards
  5 rats
  A lurking horror (Lair:1)
319 creatures vanquished.

Vanquished Creatures (others)
  A centaur zombie (D:10)
  5 fungi (Lair:1)
  5 plants (Lair:1)
  4 toadstools (D:1)
15 creatures vanquished.

Grand Total: 334 creatures vanquished

Notes
Turn   | Place    | Note
-------+----------+-------------------------------------------
     0 | D:1      | Gabide the Demigod Venom Mage began the quest for the Orb.
     0 | D:1      | Reached XP level 1. HP: 14/14 MP: 5/5
    37 | D:1      | Reached skill level 1 in Transmutations
   267 | D:1      | Reached XP level 2. HP: 18/20 MP: 1/7
   960 | D:1      | Reached XP level 3. HP: 26/26 MP: 6/8
  1822 | D:2      | Noticed Natasha
  1842 | D:2      | Killed Natasha
  1843 | D:2      | Reached skill level 1 in Fighting
  1843 | D:2      | Reached XP level 4. HP: 28/35 MP: 0/9
  2620 | D:2      | Noticed Sigmund
  2771 | D:2      | Noticed Natasha
  2776 | D:2      | Killed Natasha
  2777 | D:2      | Reached skill level 1 in Unarmed Combat
  3026 | D:2      | Noticed Natasha
  3271 | D:2      | Killed Natasha
  3272 | D:2      | Reached XP level 5. HP: 17/41 MP: 2/10
  3849 | D:3      | Noticed Robin
  3878 | D:3      | Killed Robin
  4876 | D:4      | Reached XP level 6. HP: 43/48 MP: 8/12
  4879 | D:4      | Learned a level 2 spell: Poisonous Vapours
  5359 | D:4      | Noticed Eustachio
  5392 | D:4      | Killed Eustachio
  5832 | D:5      | Entered Level 5 of the Dungeon
  5886 | D:5      | Reached XP level 7. HP: 52/55 MP: 7/14
  6384 | D:5      | Reached skill level 5 in Transmutations
  6384 | D:5      | Reached skill level 5 in Poison Magic
  7257 | D:6      | Reached XP level 8. HP: 42/61 MP: 9/16
  7314 | D:6      | Found a staircase to the Ecumenical Temple.
  7469 | D:6      | Noticed Edmund
  7485 | D:6      | Killed Edmund
  8004 | D:6      | Learned a level 4 spell: Olgreb's Toxic Radiance
  8009 | D:6      | Noticed Prince Ribbit
  8024 | D:6      | Killed Prince Ribbit
  8559 | D:6      | Learned a level 3 spell: Mephitic Cloud
  8846 | D:2      | Killed Sigmund
  9074 | D:7      | Found Sefum's Distillery.
  9152 | D:7      | Reached XP level 9. HP: 57/67 MP: 20/20
  9371 | D:7      | Reached skill level 5 in Spellcasting
  9371 | D:7      | Reached skill level 1 in Crossbows
 10032 | D:7      | Reached skill level 5 in Crossbows
 10649 | D:8      | Noticed a two-headed ogre
 10661 | D:8      | Killed a two-headed ogre
 10746 | D:8      | Noticed Joseph
 10770 | D:8      | Killed Joseph
 10831 | D:8      | Noticed a centaur warrior
 10866 | D:8      | Killed a centaur warrior
 10867 | D:8      | Reached skill level 5 in Fighting
 10867 | D:8      | Reached XP level 10. HP: 11/81 MP: 13/21
 11149 | D:8      | Noticed a white ugly thing
 12103 | D:8      | Killed a white ugly thing
 13000 | D:9      | Noticed Gastronok
 13092 | D:9      | Killed Gastronok
 13230 | D:9      | Reached skill level 10 in Crossbows
 14115 | D:9      | Reached XP level 11. HP: 80/80 MP: 8/24
 14867 | D:10     | Entered Level 10 of the Dungeon
 14890 | D:10     | Found a staircase to the Lair.
 14891 | D:10     | Noticed a death yak
 14892 | D:10     | Noticed a death yak
 14893 | D:10     | Noticed a death yak
 14894 | D:10     | Noticed a death yak
 14895 | D:10     | Noticed a death yak
 14896 | D:10     | Noticed a death yak
 14901 | D:10     | Noticed a death yak
 14909 | D:10     | Killed a death yak
 14909 | D:10     | Killed a death yak
 14917 | D:10     | Killed a death yak
 14918 | D:10     | Killed a death yak
 14918 | D:10     | Killed a death yak
 14919 | D:10     | Killed a death yak
 14947 | D:10     | Killed a death yak
 14948 | D:10     | Reached skill level 10 in Poison Magic
 15176 | D:10     | Learned a level 2 spell: Passwall
 15335 | D:10     | Noticed Nergalle
 15355 | D:10     | Killed Nergalle
 15392 | D:10     | Found a staircase to the Orcish Mines.
 16385 | D:10     | Noticed a two-headed ogre
 16391 | D:10     | Killed a two-headed ogre
 16699 | D:11     | Noticed Josephine
 16760 | D:11     | Killed Josephine
 16761 | D:11     | Reached skill level 5 in Unarmed Combat
 16988 | Lair:1   | Entered Level 1 of the Lair of Beasts
 16998 | Lair:1   | Found a one-way gate to the infinite horrors of the Abyss.
 17051 | Lair:1   | Noticed Maggie
 17063 | Lair:1   | Killed Maggie
 17399 | D:10     | Reached XP level 12. HP: 26/100 MP: 13/26
 18329 | Lair:1   | Noticed a four-headed hydra
 19286 | D:10     | Reached skill level 5 in Dodging
 19313 | D:10     | HP: 2/100 [something (6)]
 19315 | D:10     | Slain by a vampire

Illustrated notes

Levels and vault maps discovered:
D:1:      ldierk_water_garden, layout_loops_ring,
          hellmonk_ecumenical_altar_pennies_from_heaven,
          chequers_serial_rivers_small_b
D:2:      layout_basic, hex_intersection, uniq_natasha, uniq_sigmund
D:3:      layout_loops_corners, mainiacjoe_overflow_brackets, uniq_robin
D:4:      layout_gridville, mainiacjoe_overflow_concentric_impassable,
          uniq_eustachio
D:5:      layout_loops_ring
D:6:      layout_loops_ring, lemuel_round_altar, minmay_temple_entry_junction,
          minmay_manual_monolith, uniq_prince_ribbit1, uniq_edmund
D:7:      layout_loops_ring, mainiacjoe_overflow_alcove_1,
          mainiacjoe_overflow_24_doors, serial_shops, nicolae_stop_n_shop_1,
          fountainhead
D:8:      cheibrodos_ideogram_h, layout_gridville, uniq_joseph
D:9:      layout_loops_corners, vehumet_statue, kennysheep_generic_room_11,
          uniq_gastronok
D:10:     layout_basic, kennysheep_mini_moat, dpeg_lair_monsters,
          minmay_orc_entry_temple_small, uniq_nergalle
D:11:     layout_basic, minmay_between, uniq_josephine, uniq_psyche
Lair:1:   layout_gridlike, amcnicky_altar_lugonu_corruption,
          serial_bayou_shore_b, uniq_maggie

Skill      XL: |  1  2  3  4  5  6  7  8  9 10 11 12 |
---------------+-------------------------------------+-----
Transmutations | 1 2 3 4 5 7 |  7.0
Spellcasting   | 2 3 4 5 6 7 |  7.0
Poison Magic   | 3 4 5 7 8 10 | 10.5
Stealth        | 2 |  2.0
Dodging        | 2 3 5 |  5.0
Fighting       | 1 2 5 6 7 |  7.0
Unarmed Combat | 2 6 7 |  7.0
Crossbows      | 7 10 | 10.5

Action                   |  1- 3 |  4- 6 |  7- 9 | 10-12 || total
-------------------------+-------+-------+-------+-------++-------
Melee: Dagger            |    18 |       |       |       ||    18
       Unarmed           |     1 |    16 |    72 |   236 ||   325
       Punch             |     1 |       |     3 |     5 ||     9
 Fire: Hunting sling     |    28 |   102 |       |       ||   130
       Hand crossbow     |       |       |    85 |   190 ||   275
Throw: Throwing net      |       |       |       |     6 ||     6
 Cast: Sting             |    75 |   134 |   191 |    93 ||   493
       Poisonous Vapours |       |     4 |    32 |    14 ||    50
       Olgreb's Toxic Ra |       |       |    10 |    94 ||   104
       Mephitic Cloud    |       |       |     2 |    46 ||    48
Evoke: Wand              |       |       |       |    29 ||    29
       Lightning rod     |       |       |       |     4 ||     4
  Use: Scroll            |       |     7 |     6 |    15 ||    28
       Potion            |       |       |     7 |     8 ||    15
Armor: Robe              |     7 |    24 |       |    99 ||   130
       Leather armour    |       |     1 |    77 |    37 ||   115
       Skin              |       |       |    10 |     5 ||    15
       Steam dragon scal |       |       |       |    20 ||    20
Dodge: Dodged            |    32 |    59 |   157 |   337 ||   585
